Map: 世界主宰-天梯版

Players

iGMacSed (MacSed) - Winner!

  • Race: Protoss Protoss
  • League: Grandmaster

cyan

  • Race: Protoss Protoss
  • League: Master

Event: DreamHack SC2 Masters 2021 Fall

VOD

Have the link to the VOD?

Description

Time

  • Played on: Aug. 8, 2021, 7:37 a.m.
  • Length: 15:45

All games in this series

Show
View Real Time Build Order
Export as new Build Order

iGMacSed Protoss - Winner!

Build Orders: Oracle Opening 

Get SALT Encoding   

  12  0:00  Probe  
  13  0:12  Probe  
  14  0:17  Pylon  
  14  0:24  Probe (Chrono Boost)  
  16  0:36  Gateway, Probe (Chrono Boost)  
  16  0:43  Probe (Chrono Boost)  
  16  0:46  Assimilator  
  17  0:50  Probe  
  18  0:57  Assimilator  
  18  1:03  Probe (Chrono Boost)  
  19  1:09  Gateway  
  19  1:15  Probe (Chrono Boost)  
  20  1:21  Probe (Chrono Boost)  
  21  1:27  Cybernetics Core  
  21  1:29  Probe  
  22  1:35  Pylon  
  22  1:42  Probe  
  23  1:54  Probe  
  24  2:03  Warp Gate (Chrono Boost)  
  24  2:04  Sentry, Stalker  
  24  2:06  Probe  
  29  2:12  Pylon  
  29  2:18  Probe  
  30  2:29  Pylon  
  34  2:50  Stargate  
  32  2:52  Adept x2  
  33  3:08  Nexus  
  33  3:16  Shield Battery  
  33  3:17  Probe  
  34  3:29  Shield Battery  
  34  3:31  Oracle (Chrono Boost)  
  37  3:47  Stalker  
  39  3:54  Pylon  
  39  3:57  Gateway  
  39  4:12  Phoenix (Chrono Boost)  
  41  4:18  Probe  
  41  4:23  Probe  
  43  4:30  Probe  
  44  4:31  Twilight Council  
  44  4:36  Stalker  
  45  4:40  Stalker  
  43  4:49  Probe (Chrono Boost)  
  45  4:53  Probe (Chrono Boost)  
  45  4:58  Probe (Chrono Boost)  
  46  5:01  Blink (Chrono Boost), Probe (Chrono Boost)  
  46  5:03  Probe (Chrono Boost)  
  48  5:12  Probe  
  49  5:15  Probe  
  47  5:24  Forge, Probe  
  48  5:33  Probe  
  49  5:36  Probe  
  49  5:38  Stalker x2  
  54  5:45  Probe  
  54  5:48  Probe  
  54  5:49  Robotics Facility  
  56  5:54  Protoss Ground Weapons Level 1 (Chrono Boost)  
  56  5:57  Probe  
  56  6:00  Probe  
  58  6:07  Pylon  
  58  6:09  Probe  
  59  6:13  Stalker  
  59  6:16  Photon Cannon  
  59  6:18  Probe  
  63  6:25  Probe  
  63  6:27  Gateway  
  63  6:28  Gateway  
  63  6:32  Assimilator  
  63  6:36  Probe  
  63  6:38  Observer  
  65  6:41  Stalker x2  
  65  6:46  Probe  
  70  6:56  Nexus  
  70  7:01  Pylon  
  70  7:19  Pylon, Shield Battery, Immortal  
  70  7:21  Probe  
  75  7:23  Shield Battery  
  75  7:24  Probe  
  75  7:28  Charge  
  76  7:34  Probe  
  77  7:37  Pylon  
  77  7:48  Probe  
  77  7:49  Protoss Ground Weapons Level 2 (Chrono Boost)  
  77  7:51  Probe  
  75  8:01  Probe (Chrono Boost)  
  75  8:02  Pylon  
  75  8:03  Probe (Chrono Boost)  
  77  8:07  Gateway  
  77  8:08  Gateway  
  77  8:10  Probe (Chrono Boost)  
  77  8:11  Gateway  
  79  8:13  Gateway  
  79  8:15  Probe (Chrono Boost)  
  79  8:18  Probe (Chrono Boost)  
  79  8:19  Observer  
  82  8:21  Probe (Chrono Boost)  
  82  8:22  Probe (Chrono Boost)  
  82  8:25  Probe (Chrono Boost)  
  82  8:26  Templar Archives, Probe (Chrono Boost)  
  85  8:29  Probe  
  85  8:31  Assimilator  
  86  8:35  Assimilator  
  86  8:36  Probe  
  86  8:38  Probe  
  88  9:00  Zealot x4  
  96  9:02  Pylon  
  96  9:05  Gateway, High Templar x2  
  96  9:06  Zealot  
  96  9:07  Warp Prism  
  96  9:08  Zealot  
  96  9:09  Gateway, Archon  
  106  9:14  Observer  
  106  9:21  High Templar x2, Zealot x2  
  114  9:24  Nexus  
  114  9:27  Archon  
  114  9:28  Pylon  
  114  9:32  High Templar x2  
  114  9:37  Archon  
  118  9:44  Probe  
  119  9:46  Zealot x4  
  119  9:47  Pylon  
  119  9:49  Pylon  
  119  9:50  Pylon  
  127  10:00  Protoss Ground Weapons Level 3 (Chrono Boost)  
  127  10:01  Probe x2  
  127  10:03  Photon Cannon  
  127  10:05  Shield Battery  
  128  10:08  Probe  
  129  10:20  High Templar x2  
  129  10:21  Zealot x6  
  137  10:25  Archon  
  143  10:31  Zealot x2  
  147  10:44  Zealot x5  
  147  10:45  Zealot  
  147  10:46  Phoenix  
  147  10:48  Probe x2  
  163  10:53  Probe  
  152  11:04  High Templar x4  
  152  11:05  Zealot x5  
  152  11:07  Probe x2  
  152  11:08  Archon x2  
  152  11:10  Pylon  
  172  11:19  Pylon  
  172  11:22  Pylon  
  172  11:28  Observer x2  
  173  11:33  Zealot x3  
  179  11:40  High Templar x2  
  179  11:41  Zealot x2  
  155  11:48  Zealot x3  
  155  11:51  Phoenix, Probe  
  155  11:52  Archon  
  155  11:53  Probe  
  165  11:56  Zealot x3  
  171  12:07  Robotics Bay  
  171  12:12  Zealot x5  
  181  12:17  Stalker  
  181  12:18  Stalker x4  
  188  12:28  Phoenix  
  182  12:37  Zealot x5  
  188  12:49  Zealot x5  
  166  13:00  Phoenix  
  166  13:04  Zealot x5  
  148  13:21  Stalker  
  148  13:22  Stalker x4  
  148  13:24  Zealot x5  
  116  13:37  Probe x2  
  106  13:42  Gateway  
  106  13:44  Gateway  
  106  13:45  Zealot x10  
  126  13:50  Observer (Chrono Boost)  
  126  13:55  Probe x2  
  129  13:57  Photon Cannon  
  129  13:58  Photon Cannon  
  129  14:01  Shield Battery  
  127  14:14  Stalker x3  
  127  14:15  Stalker x3  
  137  14:17  Zealot x2  
  125  14:35  Stalker x2  
  113  14:43  Stalker x7  
  119  14:55  Stalker  
  121  15:05  Stalker x2  
  121  15:08  High Templar  
  121  15:09  High Templar x3  
  121  15:10  High Templar x2  
  121  15:12  Stalker  
  121  15:13  Archon x3  
  131  15:25  Zealot  
  131  15:28  Zealot x4  
  114  15:37  Stalker  
Show
View Real Time Build Order
Export as new Build Order

cyan Protoss 

Build Orders: Oracle Opening 

Get SALT Encoding   

  12  0:00  Probe  
  13  0:12  Probe  
  14  0:18  Pylon  
  14  0:24  Probe (Chrono Boost)  
  15  0:37  Probe (Chrono Boost)  
  15  0:38  Gateway  
  16  0:45  Probe (Chrono Boost)  
  16  0:47  Assimilator  
  17  0:51  Probe  
  17  0:55  Assimilator  
  18  1:03  Probe (Chrono Boost)  
  19  1:08  Gateway  
  19  1:14  Probe (Chrono Boost)  
  20  1:19  Probe (Chrono Boost)  
  21  1:26  Cybernetics Core  
  21  1:31  Probe  
  22  1:39  Pylon  
  22  1:43  Probe  
  23  1:57  Probe  
  24  2:03  Adept x2, Warp Gate  
  28  2:10  Pylon  
  28  2:17  Pylon  
  28  2:20  Probe  
  29  2:28  Pylon  
  28  2:39  Stargate  
  28  2:43  Adept  
  30  2:45  Adept  
  32  3:11  Probe  
  33  3:16  Shield Battery  
  33  3:19  Oracle (Chrono Boost)  
  36  3:42  Nexus  
  36  3:46  Oracle (Chrono Boost)  
  36  3:52  Probe  
  40  3:56  Robotics Facility  
  40  4:04  Probe  
  37  4:10  Stalker  
  37  4:14  Stalker  
  39  4:19  Probe  
  39  4:31  Probe  
  40  4:44  Probe  
  38  4:47  Observer (Chrono Boost), Stalker x2  
  43  4:56  Probe x2  
  45  5:04  Twilight Council  
  45  5:07  Observer (Chrono Boost)  
  45  5:08  Probe x2  
  48  5:14  Shield Battery  
  48  5:20  Probe x2  
  46  5:28  Forge  
  46  5:32  Probe x2  
  51  5:43  Assimilator  
  51  5:44  Probe (Chrono Boost)  
  51  5:46  Assimilator  
  53  5:52  Probe (Chrono Boost)  
  53  5:54  Probe (Chrono Boost)  
  53  5:55  Blink  
  51  5:57  Protoss Ground Weapons Level 1 (Chrono Boost)  
  51  5:58  Pylon, Probe (Chrono Boost)  
  51  6:02  Observer, Probe (Chrono Boost)  
  53  6:05  Observer  
  53  6:10  Probe (Chrono Boost)  
  53  6:11  Sentry  
  56  6:13  Pylon  
  56  6:14  Probe x2 (Chrono Boost)  
  57  6:22  Probe  
  57  6:24  Probe  
  59  6:26  Immortal (Chrono Boost)  
  59  6:32  Sentry  
  65  6:35  Probe  
  65  6:36  Pylon  
  65  6:38  Probe  
  67  6:42  Pylon  
  68  6:47  Probe  
  68  6:50  Probe  
  69  6:57  Immortal  
  73  7:03  Pylon  
  73  7:16  Nexus  
  73  7:22  Gateway  
  73  7:23  Gateway  
  73  7:24  Probe  
  73  7:25  Probe  
  73  7:28  Shield Battery  
  75  7:36  Probe, Immortal  
  76  7:37  Probe  
  81  7:48  Probe  
  81  7:49  Probe  
  81  7:59  Gateway  
  81  8:00  Probe  
  81  8:01  Probe  
  81  8:04  Gateway  
  83  8:07  Robotics Bay  
  83  8:13  Protoss Ground Weapons Level 2 (Chrono Boost)  
  83  8:14  Gateway, Probe  
  84  8:26  Templar Archives  
  84  8:27  Probe  
  84  8:30  Probe  
  84  8:33  Charge  
  86  8:34  Observer  
  86  8:40  Pylon  
  87  8:42  Pylon  
  87  8:49  Pylon  
  87  8:50  Probe  
  87  8:52  Assimilator, Disruptor (Chrono Boost)  
  87  8:55  Assimilator  
  87  8:58  Probe  
  87  8:59  Photon Cannon  
  87  9:02  Photon Cannon  
  91  9:03  High Templar  
  91  9:05  High Templar  
  95  9:10  Shield Battery, High Templar, Archon  
  95  9:11  High Templar  
  95  9:12  Probe  
  95  9:15  Archon  
  95  9:16  Probe  
  101  9:19  Pylon  
  101  9:20  Disruptor (Chrono Boost)  
  101  9:22  Pylon  
  104  9:30  Pylon  
  104  9:32  Gateway  
  104  9:39  Probe x2  
  104  9:44  Robotics Facility  
  106  9:48  Photon Cannon  
  106  9:50  High Templar x2  
  110  9:52  Disruptor  
  110  9:54  Archon  
  113  10:07  Nexus  
  113  10:09  Pylon  
  113  10:10  High Templar  
  113  10:11  Pylon, High Templar  
  113  10:13  Probe x2  
  119  10:17  Archon  
  119  10:20  Probe  
  119  10:21  High Templar  
  121  10:31  Disruptor  
  121  10:32  Pylon  
  121  10:35  Pylon  
  124  10:38  High Templar  
  126  10:42  Disruptor  
  126  10:45  Archon  
  126  10:46  Zealot x6  
  137  10:54  Gateway x2  
  137  10:55  Gateway  
  140  10:57  Disruptor  
  140  10:58  Gateway  
  140  11:02  Protoss Ground Weapons Level 3 (Chrono Boost)  
  140  11:11  Photon Cannon  
  143  11:12  Photon Cannon  
  143  11:15  Shield Battery, Zealot x5  
  152  11:33  Pylon  
  152  11:34  Pylon  
  152  11:36  Pylon  
  151  11:50  Disruptor  
  151  11:52  Pylon  
  154  11:55  Pylon  
  154  11:57  High Templar  
  154  11:58  High Templar x3  
  154  12:01  Nexus  
  162  12:02  Pylon  
  162  12:03  Archon  
  162  12:07  Archon  
  161  12:17  Nexus  
  161  12:18  Pylon, Stalker x4  
  161  12:21  Pylon  
  163  12:35  High Templar x2, Zealot x2  
  163  12:36  Zealot x4  
  179  12:37  Warp Prism  
  179  12:42  Archon  
  171  12:51  Photon Cannon  
  157  12:53  Photon Cannon, Dark Shrine  
  157  12:55  Shield Battery  
  153  13:03  High Templar x2, Zealot  
  153  13:04  Zealot  
  161  13:07  Archon  
  95  13:38  Disruptor x2  
  88  13:44  High Templar x3  
  79  13:48  High Templar  
  79  13:49  Zealot x6  
  79  13:50  Probe x2  
  79  13:51  Probe x2  
  79  13:53  Archon x2  
  97  14:00  Zealot x2  
  97  14:02  Probe  
  102  14:06  Probe  
  103  14:11  Pylon  
  103  14:13  Pylon, Disruptor x2  
  103  14:16  Stalker x3  
  115  14:20  Stalker  
  89  14:35  Stalker x5  
  87  14:39  Stalker  
  83  14:46  Stalker x2  
  86  14:56  Stalker x2  
  81  15:07  Stalker x3  
  81  15:13  Stalker  
  89  15:19  Stalker  
  89  15:24  Dark Templar  
  89  15:27  Dark Templar  
  84  15:32  Dark Templar  

Tags
 
Add a new tag
Caveats
  • Supply blocks, unpowered buildings, or Contaminate may cause inaccurate times.
  • Supply counts are checked every 10 seconds.